 Dungeon Crawl Stone Soup version 0.28-a0-863-g8cecda6153 (console) character file.

Game seed: 11644906587051332222

61 jejorda2 the Skirmisher (level 4, -1/43 HPs)
             Began as a Gargoyle Berserker on Nov 18, 2021.
             Was a Believer of Trog.
             Slain by a gnoll (3 damage)
             ... on level 3 of the Dungeon.
             The game lasted 00:03:26 (1887 turns).

jejorda2 the Skirmisher (Gargoyle Berserker)        Turns: 1887, Time: 00:03:26

Health: -1/43      AC: 22    Str: 22    XL:     4   Next: 7%
Magic:  4/4        EV:  2    Int:  7    God:    Trog [**....]
Gold:   72         SH:  0    Dex:  9    Spells: 3/3 levels left

rFire   + . .      SeeInvis .   a - +0 spear
rCold   + . .      Faith    .   (no shield)
rNeg    + . .      Spirit   .   (armour currently unavailable)
rPois   ∞          Reflect  .   (helmet currently unavailable)
rElec   +          Harm     .   (cloak currently unavailable)
rCorr   +          Rampage  .   (gloves currently unavailable)
Will    .....      NoTele   +   (boots currently unavailable)
Stlth   +.........              (no amulet)
HPRegen 0.14/turn               (no ring)
MPRegen 0.09/turn               (no ring)

@: tree-form, resistant, on berserk cooldown, slowed, very slow
A: stationary, stasis, torment immunity, boosted hp, sickness immunity, AC +3,
negative energy resistance 1, (electricity resistance), torment resistance 1,
petrification resistance
a: Renounce Religion, Berserk, Trog's Hand


You were on level 3 of the Dungeon.
You worshipped Trog.
Trog was pleased with you.
You were a tree.
You visited 1 branch of the dungeon, and saw 3 of its levels.

You collected 72 gold pieces.

Inventory:

Hand Weapons
 a - a +0 spear (weapon)
Missiles
 h - 86 stones
 i - 25 bolts
 j - 22 poisoned darts (quivered)
 l - 21 arrows
Armour
 e - a +0 ring mail (melded)
Scrolls
 b - a scroll of blinking {unknown}
 c - 2 scrolls of fear {unknown}
 d - a scroll of enchant weapon {unknown}
 f - a scroll of identify {unknown}
 g - 3 scrolls of teleportation {unknown}
 k - a scroll of vulnerability {unknown}
 m - 2 scrolls of amnesia {unknown}


   Skills:
 + Level 3.8 Fighting
 * Level 3.6 Polearms
 + Level 2.9 Armour
 - Level 1.5 Dodging


You had 3 spell levels left.
You didn't know any spells.
Your spell library was empty.

Dungeon Overview and Level Annotations

Branches:
Dungeon (3/15)

Altars:


Innate Abilities, Weirdness & Mutations

You are a tree.
Your roots penetrate the ground, keeping you stationary.
You cannot be teleported.
You are immune to unholy pain and torment.
Your maximum health is greatly increased.
Your equipment is partially melded.
You are immune to sickness and miasma.
((Your stone body is resilient. (AC +3)))
You are immune to poison.
You resist negative energy. (rN+)
((You are resistant to electric shocks. (rElec)))
You are resistant to unholy torment.
You are immune to petrification.


Message History

The gnoll closely misses you. The gnoll misses you.
You hit the gnoll.
The gnoll is severely wounded.
The gnoll hits you but does no damage.
The gnoll hits you from afar with a +0 halberd.
The gnoll closely misses you.
You barely miss the gnoll.
The gnoll is severely wounded.
The gnoll completely misses you. The gnoll hits you with a +0 club.
* * * LOW HITPOINT WARNING * * *
The gnoll barely misses you.
You closely miss the gnoll.
The gnoll is severely wounded.
The gnoll barely misses you. x2; The gnoll hits you but does no damage.
Okay, then.
You closely miss the gnoll.
The gnoll is severely wounded.
The gnoll hits you from afar with a +0 halberd.
* * * LOW HITPOINT WARNING * * *
The gnoll barely misses you. x2
It was a potion of resistance.
You feel protected. The gnoll misses you. The gnoll closely misses you.
The gnoll misses you.
It was a potion of lignification.
You turn into a tree.
Your +0 ring mail melds into your body.
Your roots penetrate the ground.
The gnoll hits you but does no damage. The gnoll barely misses you.
The gnoll hits you from afar with a +0 halberd.
* * * LOW HITPOINT WARNING * * *
You hit the gnoll but do no damage.
The gnoll is severely wounded.
The gnoll hits you but does no damage. x2
You hit the gnoll.
The gnoll is almost dead.
The gnoll hits you but does no damage. x3
You barely miss the gnoll.
The gnoll is almost dead.
The gnoll hits you but does no damage. The gnoll hits you with a +0 club.
* * * LOW HITPOINT WARNING * * *
The gnoll hits you from afar with a +0 halberd.
You die...

#..................##<#
######........##...##.#
. #....##..........# ..
####.....##...####.####
#.....##............
#...............####
#.....###.#####.#
#.....###.#####...
#......♣g..†........
#....####g.#.##.....
#.......)....# . #
####.##<.#.# #. #..#.#
.. .... . ## #......
..... .. #.#...


You could see 2 gnolls.

Vanquished Creatures
  A gnoll (D:3)
  An adder (D:2)
  3 worms
  4 bats (D:1)
  2 endoplasms
  A giant cockroach (D:1)
  3 goblins
  A hobgoblin (D:2)
  4 quokkas
  2 ball pythons
  5 frilled lizards
  3 kobolds (D:1)
  3 rats
33 creatures vanquished.

Notes
Turn   | Place    | Note
-------+----------+-------------------------------------------
     0 | D:1      | jejorda2 the Gargoyle Berserker began the quest for the
                  | Orb.
     0 | D:1      | Reached XP level 1. HP: 14/14 MP: 1/1
   150 | D:1      | Found a faded altar of an unknown god.
   173 | D:1      | Reached XP level 2. HP: 19/19 MP: 2/2
  1016 | D:2      | Reached XP level 3. HP: 23/23 MP: 3/3
  1095 | D:2      | Reached ** piety under Trog
  1868 | D:3      | Reached XP level 4. HP: 29/29 MP: 4/4
  1884 | D:3      | HP: 2/43 [gnoll (2)]
  1887 | D:3      | Slain by a gnoll

Illustrated notes

Levels and vault maps discovered:
D:1:      dpeg_arrival_renting, layout_basic,
          hellmonk_ecumenical_altar_inner_sanctum, minmay_box_of_dots
D:2:      layout_basic
D:3:      layout_basic, serial_shops, shop

Skill      XL: |  1  2 |
---------------+-------+-----
Polearms       | 3 |  3.6
Fighting       | |  3.8
Armour         | |  2.9
Dodging        | |  1.5

Action                   |  1- 3 |  4- 6 || total
-------------------------+-------+-------++-------
Melee: Spear             |   148 |    12 ||   160
Invok: Berserk           |     3 |       ||     3
  Use: Potion            |       |     2 ||     2
 Stab: Sleeping          |     1 |       ||     1
Armor: Animal skin       |     8 |       ||     8
       Ring mail         |    31 |     4 ||    35
       Skin              |       |     7 ||     7
Dodge: Dodged            |    59 |    18 ||    77

Table legend: (Time is in decaauts)
 A = Elapsed time spent in this place.
 B = Non-inter-level travel time spent in this place.
 C = Inter-level travel time spent in this place.
 D = Time resting spent in this place.
 E = Time spent auto-exploring this place.
 F = Levels seen in this place.
 G = Mean time per level.
                   A        B        C        D        E       F      G
               +--------+--------+--------+--------+--------+-----+--------+
         Total |   1903 |   1775 |    128 |    248 |   1244 |   3 |  634.3 |
       Dungeon |   1903 |   1775 |    128 |    248 |   1244 |   3 |  634.3 |
               +--------+--------+--------+--------+--------+-----+--------+

Top non-repeatable levels by time:
     D:1: 1011 daAuts
     D:2: 761 daAuts
     D:3: 129 daAuts
